Map: Abyssal Reef LE

Players

Stork

  • Race: Protoss Protoss
  • League: Platinum
  • Spawn Location: 11:00

Juxtapose - Winner!

  • Race: Zerg Zerg
  • League: Gold
  • Spawn Location: 5:00

VOD

https://youtu.be/qEqmV8TXXLk

Description

I've never had it happen before where I faced the same opponent in a second Ranked match, and certainly not immediately after playing the person.

This time I got Zerg, and Zerg vs Protoss is one of my stronger match ups. Felt great to snap this loosing streak of mine.

Time

  • Played on: Sept. 24, 2017, 10:22 a.m.
  • Length: 10:29
Show
View Real Time Build Order
Export as new Build Order

Stork Protoss 

Build Orders: Nexus First 

Get SALT Encoding   

  12  0:03  Probe (Chrono Boost)  
  13  0:14  Probe (Chrono Boost)  
  14  0:24  Pylon  
  14  0:30  Probe (Chrono Boost)  
  15  0:56  Nexus  
  15  1:18  Gateway  
  15  1:21  Forge  
  15  1:23  Probe (Chrono Boost)  
  16  1:42  Probe (Chrono Boost)  
  17  1:58  Gateway  
  17  2:00  Photon Cannon  
  16  2:05  Probe (Chrono Boost)  
  17  2:09  Probe (Chrono Boost)  
  18  2:16  Probe (Chrono Boost)  
  18  2:21  Cybernetics Core  
  19  2:25  Probe (Chrono Boost)  
  19  2:27  Assimilator  
  20  2:30  Assimilator  
  20  2:37  Probe (Chrono Boost)  
  20  2:38  Probe (Chrono Boost)  
  20  2:41  Pylon  
  22  2:51  Probe (Chrono Boost)  
  23  3:09  Probe (Chrono Boost)  
  24  3:16  Probe (Chrono Boost)  
  24  3:18  Adept x2  
  29  3:30  Warp Gate  
  29  3:36  Gateway  
  29  3:37  Gateway  
  29  3:40  Probe x2 (Chrono Boost)  
  31  3:49  Adept (Chrono Boost)  
  31  3:50  Adept (Chrono Boost)  
  31  3:51  Probe (Chrono Boost)  
  31  3:53  Pylon  
  36  4:05  Stargate  
  36  4:09  Probe (Chrono Boost)  
  36  4:10  Probe (Chrono Boost)  
  36  4:12  Assimilator  
  36  4:15  Assimilator  
  36  4:17  Protoss Ground Armor Level 1 (Chrono Boost)  
  38  4:27  Adept x2  
  42  4:44  Pylon, Probe x2  
  44  4:56  Probe (Chrono Boost)  
  44  4:58  Probe (Chrono Boost)  
  46  5:09  Twilight Council  
  46  5:10  Probe (Chrono Boost)  
  46  5:13  Oracle  
  50  5:32  Probe (Chrono Boost)  
  50  5:34  Probe (Chrono Boost)  
  52  5:41  Pylon  
  52  5:46  Probe (Chrono Boost)  
  52  5:47  Probe (Chrono Boost)  
  54  5:50  Resonating Glaives (Chrono Boost)  
  54  5:55  Probe  
  54  5:58  Probe  
  56  6:04  Adept, Pylon  
  56  6:06  Adept x3  
  56  6:09  Probe, Protoss Ground Armor Level 2  
  66  6:11  Probe  
  66  6:15  Pylon  
  66  6:21  Pylon  
  63  6:45  Stalker x4  
  71  6:50  Phoenix  
  73  6:55  Probe  
  73  6:56  Robotics Facility  
  73  6:57  Probe  
  75  7:15  Adept x2  
  79  7:30  Probe  
  79  7:31  Probe  
  81  7:47  Nexus  
  81  7:53  Stalker x3  
  81  7:58  Observer  
  88  8:00  Probe  
  88  8:02  Probe  
  90  8:07  Pylon  
  90  8:14  Pylon, Probe  
  90  8:17  Assimilator  
  90  8:19  Observer  
  92  8:21  Assimilator  
  92  8:23  Pylon  
  92  8:28  Adept x3  
  92  8:33  Stalker  
  100  8:40  Warp Prism  
  102  8:44  Gateway  
  102  8:45  Gateway  
  102  8:47  Gateway  
  102  8:53  Gateway  
  102  8:58  Probe, Photon Cannon  
  102  8:59  Probe, Photon Cannon  
  102  9:02  Photon Cannon  
  104  9:04  Probe, Photon Cannon  
  104  9:05  Photon Cannon  
  104  9:07  Photon Cannon  
  104  9:09  Probe  
  105  9:12  Probe  
  98  9:39  Adept x3  
  98  9:40  Adept  
  57  9:57  Adept x2  
  57  10:00  Adept x4  
Show
View Real Time Build Order
Export as new Build Order

Juxtapose Zerg - Winner!

Build Orders: Pool First 

Get SALT Encoding   

  12  0:05  Drone  
  13  0:13  Overlord  
  13  0:18  Drone  
  14  0:36  Spawning Pool  
  14  0:38  Drone  
  14  0:45  Drone  
  15  0:51  Drone  
  15  0:52  Drone  
  17  0:58  Extractor  
  16  1:05  Overlord  
  16  1:12  Drone  
  17  1:25  Queen  
  19  1:35  Zergling x4  
  21  1:44  Drone  
  22  1:56  Hatchery  
  21  2:11  Drone, Zergling x2  
  23  2:17  Metabolic Boost  
  23  2:25  Drone  
  23  2:27  Overlord  
  24  2:38  Drone x2, Zergling x2  
  27  2:53  Zergling x4  
  27  2:54  Extractor, Queen  
  29  3:11  Drone  
  30  3:22  Roach Warren, Drone x3  
  30  3:23  Overlord  
  30  3:26  Drone  
  33  3:47  Drone  
  33  3:48  Drone x4  
  38  3:49  Drone x2  
  40  3:59  Lair  
  40  4:07  Queen  
  40  4:09  Drone  
  43  4:13  Drone  
  44  4:29  Roach x3  
  50  4:35  Drone  
  50  4:36  Overlord  
  51  4:42  Extractor  
  51  4:43  Drone  
  51  4:44  Extractor  
  51  4:45  Overlord  
  50  4:48  Spore Crawler  
  50  4:52  Spore Crawler  
  48  5:09  Hydralisk Den  
  48  5:11  Roach x4  
  48  5:12  Roach, Zergling x2  
  58  5:16  Drone x5  
  63  5:27  Queen  
  65  5:38  Lurker Den  
  65  5:40  Hydralisk  
  67  5:52  Overseer  
  67  5:56  Overlord x3  
  67  6:03  Burrow  
  67  6:08  Glial Reconstitution  
  67  6:11  Overlord x2  
  67  6:53  Hydralisk x3  
  67  6:54  Hydralisk x4  
  81  7:07  Roach x4  
  89  7:09  Drone x5  
  89  7:13  Overlord  
  94  7:28  Overseer x2  
  94  7:44  Lurker x3  
  94  7:50  Drone x2  
  99  8:02  Infestation Pit  
  99  8:03  Hatchery  
  99  8:04  Muscular Augments  
  97  8:08  Hydralisk x4, Evolution Chamber  
  104  8:32  Zergling x8  
  104  8:33  Hydralisk x2, Zergling x4  
  112  8:35  Overlord  
  114  9:01  Hydralisk x2  
  114  9:02  Hydralisk x2  
  122  9:04  Overlord x2  
  122  9:26  Hydralisk  
  122  9:27  Hydralisk x7  
  122  9:29  Zergling x2  
  122  9:41  Zergling x14  
  112  9:57  Zergling x4  
  112  9:58  Zergling x8  
Tags
 
Add a new tag
Caveats
  • Supply blocks, unpowered buildings, or Contaminate may cause inaccurate times.
  • Supply counts are checked every 10 seconds.